 Dungeon Crawl Stone Soup version 0.22.1-1-ga44c0e56f4 (webtiles) character file.

4422 Cykl0x the Cleaver (level 10, -5/79 HPs)
             Began as a Demonspawn Fighter on Sept 28, 2018.
             Was a Priest of Dithmenos.
             Slain by a killer bee (6 damage)
             ... on level 9 of the Dungeon.
             The game lasted 00:49:51 (7924 turns).

Cykl0x the Cleaver (Demonspawn Fighter)             Turns: 7924, Time: 00:49:52

Health: -5/79      AC: 12    Str: 23    XL:     10   Next: 14%
Magic:  0/10       EV: 11    Int: 11    God:    Dithmenos [***...]
Gold:   470        SH: 11    Dex: 16    Spells: 9/9 levels left

rFire    . . .     SeeInvis .   C - +0 war axe
rCold    . . .     Gourm    .   c - +0 shield
rNeg     . . .     Faith    .   b - +2 scale mail
rPois    .         Spirit   +   (helmet unavailable)
rElec    .         Reflect  .   v - +0 cloak
rCorr    .         Harm     .   j - +0 pair of gloves
MR       .....                  (no boots)
Stlth    +++.......             (no amulet)
HPRegen  0.23/turn              l - ring of stealth
MPRegen  0.24/turn              E - +4 ring of strength

@: lethally poisoned (-5 -> -35), about to teleport, wreathed by umbra
A: horns 3, thin skeletal structure 2, powered by death 1, magic shield, magic
regeneration
a: Shadow Step, Renounce Religion


You were on level 9 of the Dungeon.
You worshipped Dithmenos.
Dithmenos was most pleased with you.
You were not hungry.

You visited 2 branches of the dungeon, and saw 10 of its levels.

You collected 470 gold pieces.

Inventory:

Hand Weapons
 C - a +0 war axe (weapon)
Missiles
 x - a tomahawk of returning (quivered)
Armour
 b - a +2 scale mail (worn)
 c - a +0 shield (worn)
 j - a +0 pair of gloves (worn)
 v - a +0 cloak (worn)
Jewellery
 l - a ring of stealth (left hand)
 p - an uncursed ring of ice
 A - an uncursed ring of poison resistance
 E - a +4 ring of strength (right hand)
Wands
 a - a wand of flame (25)
 k - a wand of iceblast (10)
 w - a wand of random effects (17)
 y - a wand of paralysis (27)
 z - a wand of acid (4)
Scrolls
 i - 2 scrolls of teleportation
 q - 4 scrolls of amnesia
 s - a scroll of random uselessness {unknown}
 D - a scroll of fog
Potions
 d - 2 potions of might
 e - 2 potions of curing
 g - 3 potions of flight
 h - 2 potions of lignification {unknown}
 m - a potion of brilliance {unknown}
 n - 3 potions of agility
 o - a potion of magic {unknown}
 r - 4 potions of resistance {unknown}
 t - 3 potions of degeneration
 u - 2 potions of heal wounds
Comestibles
 f - 13 rations


   Skills:
 + Level 7.0 Fighting
 + Level 8.7 Axes
 + Level 5.9 Armour
 + Level 4.1 Dodging
 + Level 1.2 Stealth
 + Level 5.8 Shields
 + Level 1.0 Evocations


You had 9 spell levels left.
You didn't know any spells.
Your spell library contained the following spells:

 Spells                   Type           Power        Failure   Level  Hunger
 Magic Dart               Conj           #...         95%         1    ##.....
 Sandblast                Erth           #.....       95%         1    ##.....
 Blink                    Tloc           N/A          99%         2    ###....
 Call Imp                 Summ           #.......     99%         2    ###....
 Passwall                 Tmut/Erth      #.......     99%         2    ###....
 Slow                     Hex            #.......     99%         2    ###....
 Conjure Flame            Conj/Fire      #.......     100%        3    ####...
 Mephitic Cloud           Conj/Pois/Air  #.......     100%        3    ####...
 Stone Arrow              Conj/Erth      #.....       100%        3    ####...
 Petrify                  Tmut/Erth      #.......     100%        4    #####..
 Lee's Rapid Deconstruct  Erth           #.........   100%        5    ######.


Dungeon Overview and Level Annotations

Branches:
Dungeon (9/15)             Temple (1/1) D:5
   Lair: D:8-11         Orc: D:9-12

Altars:
Ashenzari
Cheibriados
Dithmenos
Elyvilon
Fedhas
Gozag
Hepliaklqana
Kikubaaqudgha
Makhleb
Nemelex Xobeh
Okawaru
Qazlal
Ru
Sif Muna
Trog
Uskayaw
Vehumet
Wu Jian
Xom
Yredelemnul
Zin
The Shining One


Innate Abilities, Weirdness & Mutations

You have a pair of large horns on your head.
You have a moderately thin skeletal structure. (Dex +4, Stealth+)
You regenerate a little health from kills.
When hurt, damage is shared between your health and your magic reserves.
You regenerate magic rapidly.


Message History

The killer bee poisons you!
The killer bee moves out of view.
As you read the scroll of teleportation, it crumbles to dust.
You feel strangely unstable.
* * * LOW HITPOINT WARNING * * *
You feel sick. The killer bee stings you.
* * * LOW HITPOINT WARNING * * *
You are more poisoned.
The killer bee poisons you! You block the killer bee's attack.
The killer bee stings you.
* * * LOW HITPOINT WARNING * * *
You are more poisoned.
The killer bee poisons you!
You slash the killer bee!
You kill the killer bee!
Dithmenos accepts your kill.
You hit the killer bee.
* * * LOW HITPOINT WARNING * * *
You feel very sick. The killer bee closely misses you.
The killer bee stings you!
You die...

######### ########
#.......# #@yyyy.#
#.<.....########†####y#
#.......##.....'.# %.y
#..........#####.# y.y#
#.......#### #.# y..#
#.......# ### yy%#
####.#### #### #.# #.#


You could see 5 killer bees.

Vanquished Creatures
  The ghost of tape the Destroyer, a novice TeCj of Vehumet (D:8)
  Grinder (D:4)
  A yak (D:7)
  A human (D:7)
  3 hogs (D:7)
  A hungry ghost (D:7)
  An orc warrior (D:6)
  3 ice beasts
  An ogre (D:8)
  2 centaurs
  A big kobold (D:8)
  2 bullfrogs
  A scorpion (D:6)
  21 killer bees
  5 howler monkeys
  5 crimson imps
  2 hounds (D:6)
  2 jellies (D:2)
  5 orc priests
  4 orc wizards (D:5)
  A bullfrog skeleton (D:7)
  A gnoll shaman (D:8)
  6 worker ants
  A hound zombie (D:6)
  A hound skeleton (D:8)
  6 gnolls
  5 adders
  2 oozes
  3 adder skeletons
  A worm (D:4)
  2 dart slugs
  4 leopard geckos
  20 orcs
  A ball python (D:2)
  3 giant cockroaches
  5 goblins
  4 hobgoblins
  An iguana (D:2)
  22 jackals
  5 kobolds
  A quokka (D:4)
  6 bats
  4 frilled lizards
  2 leopard gecko skeletons (D:4)
  5 rats
  2 plants (D:2)
177 creatures vanquished.

Notes
Turn   | Place    | Note
-------+----------+-------------------------------------------
     0 | D:1      | Cykl0x the Demonspawn Fighter began the quest for the Orb.
     0 | D:1      | Reached XP level 1. HP: 18/18 MP: 1/1
   127 | D:1      | Gained mutation: When hurt, damage is shared between your
                  | health and your magic reserves. [demonic ancestry]
   127 | D:1      | Reached XP level 2. HP: 24/24 MP: 2/2
   875 | D:2      | Found a burning altar of Makhleb.
   875 | D:2      | Noticed a crimson imp
   927 | D:2      | Killed a crimson imp
   927 | D:2      | Reached skill level 2 in Axes
   927 | D:2      | Gained mutation: You have a pair of small horns on your
                  | head. [demonic ancestry]
   927 | D:2      | Reached XP level 3. HP: 22/30 MP: 3/3
  1122 | D:2      | Gained mutation: You have a pair of horns on your head.
                  | [demonic ancestry]
  1122 | D:2      | Reached XP level 4. HP: 37/37 MP: 4/4
  1320 | D:2      | Found a shimmering altar of Xom.
  1601 | D:2      | Gained mutation: You have a somewhat thin skeletal
                  | structure. (Dex +2, Stealth) [demonic ancestry]
  1601 | D:2      | Reached XP level 5. HP: 33/43 MP: 5/5
  1701 | D:2      | Found a white marble altar of Elyvilon.
  2101 | D:3      | Reached skill level 3 in Axes
  2222 | D:3      | Found a shadowy altar of Dithmenos.
  2231 | D:3      | Became a worshipper of Dithmenos the Shadowed
  2249 | D:3      | Found a radiant altar of Vehumet.
  2451 | D:3      | Found a faded altar of an unknown god.
  2457 | D:3      | Fell from the grace of Dithmenos
  2457 | D:3      | Became a worshipper of Sif Muna the Loreminder
  2457 | D:3      | Reached * piety under Sif Muna
  2493 | D:3      | Fell from the grace of Sif Muna
  2493 | D:3      | Became a worshipper of Dithmenos the Shadowed
  2993 | D:4      | Noticed Grinder
  3010 | D:4      | Killed Grinder
  3010 | D:4      | Reached skill level 4 in Axes
  3010 | D:4      | Reached skill level 1 in Dodging
  3010 | D:4      | Reached XP level 6. HP: 25/49 MP: 2/6
  3446 | D:4      | Found an ornate altar of the Wu Jian Council.
  3446 | D:4      | Found a hide-covered altar of Uskayaw.
  3685 | D:5      | Entered Level 5 of the Dungeon
  3693 | D:5      | Reached skill level 5 in Fighting
  3773 | D:5      | Gained mutation: You regenerate magic rapidly. [demonic
                  | ancestry]
  3773 | D:5      | Reached XP level 7. HP: 33/56 MP: 5/7
  4132 | D:5      | Reached * piety under Dithmenos
  4137 | D:5      | Reached skill level 1 in Evocations
  4151 | D:5      | Found a staircase to the Ecumenical Temple.
  4169 | Temple   | Entered the Ecumenical Temple
  4515 | D:6      | Reached skill level 5 in Axes
  4683 | D:6      | Gained mutation: You have a moderately thin skeletal
                  | structure. (Dex +4, Stealth+) [demonic ancestry]
  4683 | D:6      | Reached XP level 8. HP: 58/62 MP: 8/8
  4894 | D:6      | Reached skill level 6 in Axes
  5251 | D:6      | Found a snail-covered altar of Cheibriados.
  5608 | D:7      | Reached ** piety under Dithmenos
  5608 | D:7      | Reached skill level 7 in Axes
  5660 | D:7      | Found an ancient bone altar of Kikubaaqudgha.
  5725 | D:7      | Found a sparkling altar of Nemelex Xobeh.
  5728 | D:7      | Found a basalt altar of Yredelemnul.
  5731 | D:7      | Found a stormy altar of Qazlal.
  5983 | D:7      | HP: 1/64 [hog (4)]
  5997 | D:7      | Gained mutation: You regenerate a little health from kills.
                  | [demonic ancestry]
  5997 | D:7      | Reached XP level 9. HP: 10/69 MP: 3/9
  6362 | D:7      | Reached skill level 5 in Shields
  6371 | D:7      | Reached skill level 5 in Armour
  6643 | D:8      | Reached skill level 8 in Axes
  6645 | D:8      | Was forgiven by Sif Muna
  6699 | D:8      | Found a snail-covered altar of Cheibriados.
  6753 | D:8      | HP: 3/71 [killer bee (1)]
  6759 | D:8      | HP: 3/71 [poisoned by a killer bee]
  6767 | D:8      | HP: 3/71 [poisoned by a killer bee]
  7363 | D:8      | Found a runed door.
  7363 | D:8      | Noticed tape's ghost (novice TeCj)
  7377 | D:8      | Killed tape's ghost
  7660 | D:8      | Reached skill level 1 in Stealth
  7660 | D:8      | Gained mutation: You have a pair of large horns on your
                  | head. [demonic ancestry]
  7660 | D:8      | Reached XP level 10. HP: 77/77 MP: 10/10
  7708 | D:8      | Found an opulent altar of Gozag.
  7873 | D:9      | Reached *** piety under Dithmenos
  7924 | D:9      | HP: 1/79 [poisoned by a killer bee]
  7924 | D:9      | Slain by a killer bee

Skill      XL: |  1  2  3  4  5  6  7  8  9 10 |
---------------+-------------------------------+-----
Fighting       | 4 5 6 7 |  7.0
Axes           | 2 4 5 7 8 |  8.7
Armour         | 3 4 5 |  5.9
Shields        | 3 4 5 |  5.8
Dodging        | 1 2 3 4 |  4.1
Evocations     | 1 |  1.0
Stealth        | 1 |  1.2

Action                   |  1- 3 |  4- 6 |  7- 9 | 10-12 || total
-------------------------+-------+-------+-------+-------++-------
Melee: War axe           |   134 |   138 |   321 |    56 ||   649
       Headbutt          |    14 |    29 |    67 |     9 ||   119
Evoke: Wand              |       |       |     2 |     3 ||     5
  Use: Scroll            |     4 |     5 |    12 |     2 ||    23
       Potion            |       |       |     2 |     1 ||     3
 Stab: Sleeping          |       |       |     1 |       ||     1
  Eat: Chunk             |       |     6 |     7 |       ||    13
       Ration            |       |     1 |     3 |       ||     4
Armor: Scale mail        |    69 |    71 |   182 |    24 ||   346
Dodge: Dodged            |    24 |    42 |   169 |    52 ||   287
Block: Shield            |    38 |    72 |   196 |    57 ||   363
